 Dungeon Crawl Stone Soup version 0.24.0-1-gfbc8707122 (webtiles) character file.

Game seed: 6881635956607312981, levelgen mode: deterministic

119 Mrkan the Shield-Bearer (level 4, 0/40 HPs)
             Began as a Draconian Fighter on Oct 25, 2019.
             Slain by Grinder (3 damage)
             ... on level 3 of the Dungeon.
             The game lasted 00:03:36 (1461 turns).

Mrkan the Shield-Bearer (Draconian Fighter)         Turns: 1461, Time: 00:03:37

Health: 0/40       AC:  5    Str: 18    XL:     4   Next: 74%
Magic:  4/4        EV: 10    Int:  9    God:
Gold:   79         SH:  9    Dex: 11    Spells: 3/3 levels left

rFire    . . .     SeeInvis .   a - +0 long sword
rCold    . . .     Gourm    .   b - +0 shield
rNeg     . . .     Faith    .   (armour unavailable)
rPois    .         Spirit   .   (helmet restricted)
rElec    .         Reflect  .   (no cloak)
rCorr    .         Harm     .   (no gloves)
MR       .....                  (no boots)
Stlth    +.........             (no amulet)
HPRegen  0.13/turn              (no ring)
MPRegen  0.09/turn              (no ring)

@: no status effects
A: unfitting armour, cold-blooded, AC +5
a: no special abilities


You were on level 3 of the Dungeon.
You were not hungry.

You visited 1 branch of the dungeon, and saw 3 of its levels.

You collected 79 gold pieces.

Inventory:

Hand Weapons
 a - a +0 long sword (weapon)
Armour
 b - a +0 shield (worn)
Jewellery
 g - an uncursed ring of protection from magic {unknown}
 k - an uncursed ring of poison resistance
Scrolls
 e - 2 scrolls of identify
 f - a scroll of teleportation {unknown}
 j - 2 scrolls of blinking {unknown}
 m - a scroll of random uselessness {unknown}
 o - a scroll of enchant armour {unknown}
 q - 2 scrolls of remove curse {unknown}
Potions
 c - a potion of might
 h - a potion of brilliance {unknown}
 i - 3 potions of heal wounds {unknown}
 l - 2 potions of mutation {unknown}
 n - a potion of magic {unknown}
 r - a potion of degeneration {unknown}
 s - a potion of curing
Comestibles
 d - 5 rations
 p - 3 chunks of flesh


   Skills:
 + Level 4.1 Fighting
 + Level 3.0 Long Blades
 - Level 2.6 Dodging
 * Level 4.4 Shields


You had 3 spell levels left.
You didn't know any spells.
Your spell library was empty.

Dungeon Overview and Level Annotations

Branches:
Dungeon (3/15)

Altars:

Annotations:
D:3 Grinder


Innate Abilities, Weirdness & Mutations

Your plain brown scales are hard. (AC +5)
You cannot fit into any form of body armour.
You are cold-blooded and may be slowed by cold attacks.


Message History

You completely miss Grinder. Grinder barely misses you.
You riposte.
You slash Grinder!
You tail-slap Grinder, but do no damage.
Grinder is moderately wounded.
Grinder misses you.
You barely miss Grinder.
Grinder is moderately wounded.
Grinder hits you.
* * * LOW HITPOINT WARNING * * *
You writhe in agony.
* * * LOW HITPOINT WARNING * * *
You closely miss Grinder.
Grinder is moderately wounded.
Grinder barely misses you.
You slash Grinder!
Your tail-slap misses Grinder.
Grinder is heavily wounded.
Grinder hits you!
* * * LOW HITPOINT WARNING * * *
You writhe in agony.
You die...

## #. #.
##################.
#.@................
#5################.
#..................
#..#...............
#..#...............
#[.#...............
#..# .....###'###.
..... ...# #.# #.
#....######.###.###.


You could see Grinder.

Vanquished Creatures
  A worker ant (D:2)
  3 adders
  2 worms
  2 dart slugs (D:1)
  2 leopard geckos (D:1)
  3 orcs
  2 bats
  3 giant cockroaches
  10 goblins
  6 hobgoblins
  2 jackals (D:1)
  7 kobolds
  A quokka (D:2)
  A ball python (D:1)
  2 frilled lizards
  6 rats
53 creatures vanquished.

Notes
Turn   | Place    | Note
-------+----------+-------------------------------------------
     0 | D:1      | Mrkan the Draconian Fighter began the quest for the Orb.
     0 | D:1      | Reached XP level 1. HP: 19/19 MP: 1/1
    70 | D:1      | Reached XP level 2. HP: 18/26 MP: 2/2
   284 | D:1      | Reached XP level 3. HP: 21/31 MP: 3/3
   987 | D:3      | Reached XP level 4. HP: 26/40 MP: 4/4
  1442 | D:3      | Noticed Grinder
  1461 | D:3      | Slain by Grinder

Levels and vault maps discovered:
D:1:      ncdulo_lavacross, layout_rooms, minmay_cut_off
D:2:      layout_loops_ring, first_ration
D:3:      layout_basic, gammafunk_ghost_split, uniq_grinder

Skill      XL: |  1  2  3  4 |
---------------+-------------+-----
Shields        | 4 |  4.4
Fighting       | 4 |  4.1
Long Blades    | 3 |  3.0
Dodging        | |  2.6

Action                   |  1- 3 |  4- 6 || total
-------------------------+-------+-------++-------
Melee: Long sword        |    99 |    50 ||   149
       Tailslap          |     8 |    14 ||    22
  Use: Scroll            |     1 |       ||     1
  Eat: Chunk             |       |     2 ||     2
Armor: Skin              |    33 |    17 ||    50
Dodge: Dodged            |    43 |    25 ||    68
Block: Shield            |    48 |    29 ||    77
       Rpst.: Long sword |    13 |    11 ||    24
